 Dungeon Crawl Stone Soup version 0.19.3-1-g3169bf9 (webtiles) character file.

58 Naow the Chopper (level 3, -9/31 HPs)
             Began as a Minotaur Berserker on Jan 23, 2017.
             Was a Follower of Trog.
             Mangled by Sigmund
             ... wielding a +0 scythe
              (10 damage)
             ... on level 3 of the Dungeon.
             The game lasted 00:01:23 (1745 turns).

Naow the Chopper (Minotaur Berserker)               Turns: 1745, Time: 00:01:24

Health: -9/31      AC:  3    Str: 22    XL:     3   Next: 75%
Magic:  2/2        EV: 12    Int:  4    God:    Trog [*.....]
Gold:   37         SH:  0    Dex:  9    Spells: 0 memorised, 2 levels left

rFire  . . .     SeeInvis .     a - +0 hand axe
rCold  . . .     Gourm    .     b - +0 animal skin
rNeg   . . .     Faith    .     (no shield)
rPois  .         Spirit   .     (helmet restricted)
rElec  .         Reflect  .     d - +0 cloak
rCorr  +         Harm     .     (no gloves)
MR     .....                    (no boots)
Stlth  ++........               (no amulet)
                                q - ring of stealth
                                i - ring of resist corrosion

@: confused
A: retaliatory headbutt, horns 2
a: Berserk, Burn Spellbooks, Renounce Religion


You were on level 3 of the Dungeon.
You worshipped Trog.
Trog was aware of your devotion.
You were hungry.

You visited 1 branch of the dungeon, and saw 3 of its levels.

You collected 37 gold pieces.

Inventory:

Hand Weapons
 a - a +0 hand axe (weapon)
Armour
 b - a +0 animal skin (worn)
 d - a +0 cloak (worn)
Jewellery
 i - a ring of resist corrosion (left hand)
 q - a ring of stealth (right hand)
Scrolls
 f - a scroll of immolation {unknown}
 g - a scroll of teleportation {unknown}
 j - a scroll of blinking {unknown}
 k - a scroll of remove curse {unknown}
 l - a scroll of enchant weapon {unknown}
 n - 3 scrolls of identify {unknown}
 o - a scroll of random uselessness {unknown}
 p - a scroll of noise {unknown}
 s - a scroll of amnesia {unknown}
Potions
 e - 3 potions of curing {unknown}
 h - a potion of lignification {unknown}
 t - a potion of might
 u - a potion of resistance {unknown}
Comestibles
 c - 4 bread rations
 m - a fruit
 r - a chunk of flesh
 v - a slice of pizza


   Skills:
 - Level 3.6 Fighting
 + Level 5.7 Axes
 - Level 2.4 Armour
 - Level 2.1 Dodging


You had 2 spell levels left.
You didn't know any spells.

Dungeon Overview and Level Annotations

Branches:
Dungeon (3/15)

Altars:

Annotations:
D:3 Sigmund


Innate Abilities, Weirdness & Mutations

You reflexively headbutt those who attack you in melee.
You have a pair of horns on your head.


Message History

Sigmund hits you with a scythe.
You hit Sigmund.
Sigmund is heavily wounded.
You hit Sigmund. Your headbutt misses Sigmund.
Sigmund is severely wounded.
Sigmund hits you with a scythe.
You hit Sigmund.
Sigmund is almost dead.
Sigmund points at you and mumbles some strange words.
The puff of flame hits you!
* * * LOW HITPOINT WARNING * * *
You bump into the rock wall.
Sigmund barely misses you.
You're too confused!
You bump into the rock wall.
Sigmund casts a spell at you. The magic dart hits you!
* * * LOW HITPOINT WARNING * * *
You're too confused to move!
Sigmund hits you from afar with a scythe!
You die...

#. #. .##.. .....
......++## ......#.@#
......@..# ##.......#
#.......################
.........................
..........###########.###
...######.# #.# ... ...
#.# .. ....# #.###


You could see Sigmund.

Vanquished Creatures
  2 adders (D:2)
  A worm (D:2)
  A dart slug (D:2)
  3 leopard geckos
  6 goblins
  3 hobgoblins
  6 jackals (D:1)
  3 bats
  2 frilled lizards
  2 kobolds
  A rat (D:1)
30 creatures vanquished.

Notes
Turn   | Place    | Note
-------+----------+-------------------------------------------
     0 | D:1      | Naow the Minotaur Berserker began the quest for the Orb.
     0 | D:1      | Reached XP level 1. HP: 19/19 MP: 0/0
    28 | D:1      | Reached skill level 4 in Axes
   115 | D:1      | Reached XP level 2. HP: 26/26 MP: 1/1
   805 | D:2      | Reached skill level 5 in Axes
   822 | D:2      | Reached XP level 3. HP: 28/31 MP: 2/2
  1203 | D:2      | Reached ** piety under Trog
  1720 | D:3      | Noticed Sigmund
  1744 | D:3      | HP: 1/31 [Sigmund/magic dart (4)]
  1745 | D:3      | Mangled by Sigmund

Skill      XL: |  1  2 |
---------------+-------+-----
Axes           | 4 5 |  5.7
Fighting       | |  3.6
Armour         | |  2.4
Dodging        | |  2.1

Action                   || total
-------------------------++-------
Melee: Hand axe          ||    71
       Headbutt          ||    11
 Stab: Sleeping          ||     1
  Eat: Chunk             ||     2
Armor: Animal skin       ||    14
Dodge: Dodged            ||    55
